Construct Section Command Post
Construct Field Infirmary
Construct Platoon Command Post
6-pounder Anti-tank Gun Team
Selects Air and Sea Battlegroup
Selects Commando Section Paradrop
Selects Commando Support Section Paradrop
Commando Support Section Paradrop
Commando Section Paradrop
Selects Centaur Medium Tank
6-pounder Anti-tank Gun Team
Construct Company Command Post
Selects Anti-tank Rocket Loiter
Selects Naval Bombardment
Unlock M3 Grant Medium Tanks